Map: [ESL] Gresvan

Players

MaNa

  • Race: Protoss Protoss
  • Spawn Location: 11:00

Lambo - Winner!

  • Race: Zerg Zerg
  • Spawn Location: 5:00

Event: ESL SC2 Masters 2023 Summer (Finals)

VOD

Have the link to the VOD?

Description

Time

  • Played on: June 16, 2023, 5:31 a.m.
  • Length: 8:55

All games in this series

Show
View Real Time Build Order
Export as new Build Order

MaNa Protoss 

Build Orders: 1 Gate Expand, Oracle Opening, Zealot Archon 

Get SALT Encoding   

  12  0:00  Probe  
  13  0:12  Probe  
  14  0:20  Pylon  
  14  0:24  Probe  
  15  0:38  Probe (Chrono Boost)  
  16  0:45  Gateway  
  16  0:48  Probe (Chrono Boost)  
  17  0:53  Probe (Chrono Boost)  
  17  0:56  Assimilator  
  18  1:05  Probe (Chrono Boost)  
  19  1:13  Probe (Chrono Boost)  
  20  1:19  Probe  
  21  1:33  Nexus  
  21  1:40  Cybernetics Core  
  21  1:43  Probe  
  22  1:51  Assimilator  
  22  1:56  Pylon  
  22  1:57  Probe  
  23  2:14  Probe, Adept (Chrono Boost)  
  26  2:22  Stargate  
  26  2:26  Probe  
  27  2:36  Adept  
  29  2:38  Probe  
  30  2:46  Probe  
  30  2:50  Probe  
  32  2:58  Probe  
  33  2:59  Warp Gate  
  33  3:02  Probe  
  34  3:06  Adept, Oracle (Chrono Boost)  
  34  3:10  Probe  
  40  3:14  Probe  
  40  3:16  Pylon  
  41  3:22  Probe  
  41  3:26  Probe  
  43  3:34  Probe  
  43  3:36  Gateway, Oracle  
  43  3:38  Probe  
  44  3:51  Nexus  
  44  3:54  Probe (Chrono Boost)  
  46  3:55  Probe (Chrono Boost)  
  46  4:06  Probe (Chrono Boost), Pylon  
  46  4:07  Probe (Chrono Boost)  
  48  4:11  Probe (Chrono Boost), Assimilator  
  48  4:12  Probe (Chrono Boost)  
  48  4:14  Assimilator  
  48  4:16  Oracle  
  53  4:22  Probe  
  55  4:24  Probe (Chrono Boost)  
  55  4:28  Forge  
  55  4:29  Twilight Council  
  55  4:34  Probe (Chrono Boost)  
  57  4:42  Probe (Chrono Boost)  
  57  4:44  Probe (Chrono Boost)  
  58  4:48  Probe (Chrono Boost)  
  58  4:49  Probe (Chrono Boost), Adept  
  62  4:57  Blink  
  62  4:58  Pylon  
  62  5:02  Probe  
  62  5:03  Stalker  
  62  5:05  Protoss Ground Weapons Level 1 (Chrono Boost)  
  67  5:10  Probe (Chrono Boost)  
  67  5:13  Probe (Chrono Boost)  
  69  5:14  Probe (Chrono Boost)  
  69  5:15  Photon Cannon  
  71  5:22  Probe (Chrono Boost)  
  71  5:24  Probe (Chrono Boost)  
  71  5:26  Probe (Chrono Boost)  
  71  5:27  Probe (Chrono Boost)  
  72  5:29  Probe (Chrono Boost)  
  72  5:34  Probe  
  70  5:45  Probe x2  
  70  5:46  Probe  
  70  5:49  Gateway  
  73  5:51  Gateway  
  73  5:53  Gateway  
  73  5:54  Oracle  
  73  5:55  Stalker x2  
  80  5:57  Probe x2  
  80  5:58  Probe  
  83  6:08  Nexus  
  83  6:09  Probe x2  
  85  6:12  Probe  
  84  6:23  Probe x2  
  85  6:27  Pylon  
  85  6:28  Robotics Facility  
  85  6:35  Forge  
  85  6:38  Gateway  
  85  6:39  Gateway x2, Shield Battery  
  85  6:42  Gateway  
  85  6:45  Probe  
  86  6:47  Stalker x3  
  86  6:49  Probe  
  86  6:51  Gateway  
  93  6:55  Gateway  
  93  6:57  Gateway  
  93  6:59  Templar Archives  
  93  7:03  Photon Cannon  
  93  7:08  Assimilator  
  93  7:11  Pylon  
  93  7:15  Pylon  
  93  7:20  Probe x3, Stalker x3  
  102  7:23  Stalker, Assimilator  
  102  7:26  Zealot  
  102  7:27  Probe  
  106  7:32  Probe x3  
  109  7:39  Probe  
  110  7:44  High Templar x6  
  110  7:49  Archon x3  
  110  7:50  Probe x2  
  124  7:53  Pylon  
  124  8:04  Warp Prism (Chrono Boost)  
  124  8:07  Probe  
  119  8:14  Sentry  
  119  8:17  Stalker x2  
  119  8:18  Zealot, Stalker x2  
  131  8:20  Photon Cannon  
  128  8:28  Stalker x2  
  118  8:43  Zealot x3, Stalker x6  
Show
View Real Time Build Order
Export as new Build Order

Lambo Zerg - Winner!

Build Orders: Hatch First 

Get SALT Encoding   

  12  0:00  Drone  
  13  0:13  Overlord  
  13  0:16  Drone  
  14  0:31  Drone x2  
  14  0:35  Drone  
  17  0:50  Hatchery  
  17  0:54  Drone  
  17  0:57  Drone  
  18  1:07  Extractor  
  17  1:12  Spawning Pool  
  17  1:14  Drone  
  17  1:19  Drone  
  18  1:29  Drone  
  19  1:39  Drone  
  20  1:52  Overlord  
  20  1:59  Queen  
  22  2:02  Queen  
  22  2:03  Drone, Zergling x2  
  26  2:10  Metabolic Boost  
  26  2:13  Drone  
  26  2:14  Zergling x2  
  28  2:21  Drone  
  29  2:23  Drone  
  30  2:33  Drone  
  30  2:36  Drone  
  32  2:40  Hatchery  
  31  2:45  Overlord  
  31  2:52  Queen  
  31  2:56  Zergling x2  
  34  2:59  Drone x2  
  34  3:04  Queen  
  38  3:08  Drone  
  38  3:09  Zergling x2  
  38  3:11  Zergling x2  
  38  3:12  Drone x2  
  43  3:15  Drone  
  43  3:17  Overlord  
  44  3:21  Overlord  
  44  3:35  Queen  
  44  3:38  Drone x4  
  44  3:40  Drone  
  50  3:44  Drone x4  
  54  3:52  Drone x3  
  54  3:55  Queen  
  57  3:59  Spore Crawler  
  57  4:02  Drone x4  
  60  4:06  Spore Crawler  
  60  4:07  Drone  
  60  4:08  Zergling x2  
  61  4:12  Drone, Evolution Chamber  
  61  4:13  Zergling x2  
  61  4:16  Zergling x2  
  63  4:17  Overlord  
  63  4:22  Drone x2  
  65  4:24  Overlord  
  65  4:32  Overlord  
  65  4:35  Drone x3  
  65  4:38  Overlord  
  68  4:43  Zerg Melee Weapons Level 1  
  68  4:44  Overlord  
  68  4:45  Hatchery  
  67  4:47  Overlord  
  67  4:49  Drone x2  
  70  4:52  Drone  
  70  4:53  Drone  
  70  4:54  Baneling Nest  
  70  4:56  Extractor  
  70  4:58  Zergling x4  
  71  5:00  Drone x2  
  71  5:04  Zergling x2  
  71  5:05  Zergling x2  
  71  5:06  Drone x2  
  77  5:07  Queen  
  77  5:12  Drone x4  
  77  5:13  Drone x2  
  85  5:14  Zergling x2  
  85  5:17  Overlord  
  85  5:20  Spore Crawler  
  85  5:22  Overlord  
  85  5:26  Extractor  
  85  5:27  Lair  
  85  5:28  Zergling x4  
  86  5:35  Drone x3  
  89  5:37  Drone x3  
  89  5:40  Drone x4  
  94  5:46  Drone x3  
  95  5:51  Overlord  
  95  5:53  Drone  
  95  5:54  Extractor  
  95  5:58  Drone x2  
  95  6:00  Overlord  
  95  6:02  Extractor  
  95  6:04  Overlord, Drone  
  96  6:05  Drone  
  96  6:06  Overlord  
  96  6:07  Drone x2  
  97  6:18  Zergling x14  
  97  6:21  Drone  
  97  6:24  Spore Crawler  
  101  6:25  Zergling x2  
  101  6:31  Drone x4, Hydralisk Den  
  105  6:34  Drone, Overlord  
  105  6:35  Zergling x2  
  105  6:36  Zergling x4  
  105  6:38  Centrifugal Hooks  
  109  6:40  Zergling x2  
  109  6:41  Zergling x6  
  109  6:43  Zergling x2  
  109  6:45  Drone, Hatchery  
  109  6:47  Drone  
  115  6:52  Zergling x2  
  116  6:56  Zergling x12  
  116  7:00  Muscular Augments  
  123  7:01  Drone  
  123  7:03  Hydralisk x4  
  123  7:07  Zergling x10  
  136  7:09  Zergling x2  
  136  7:10  Zergling x4  
  136  7:15  Overlord  
  139  7:18  Overlord  
  139  7:22  Zergling x4  
  141  7:24  Zergling x6  
  144  7:30  Zergling x14  
  144  7:31  Zergling x2  
  144  7:32  Zergling x2  
  144  7:36  Zergling x8  
  152  7:38  Hydralisk  
  152  7:42  Hydralisk x2  
  154  7:45  Hydralisk  
  154  7:50  Hydralisk  
  158  7:56  Hydralisk x5  
  167  8:03  Zergling x22  
  175  8:09  Zergling x8  
  178  8:14  Baneling x14  
  178  8:15  Zergling x2  
  179  8:20  Zergling x4  
  179  8:24  Zergling x4  
  179  8:26  Baneling x2  
  181  8:29  Zergling x2  
  181  8:31  Zergling x6  
  180  8:34  Zergling x4  
Tags
 
Add a new tag
Caveats
  • Supply blocks, unpowered buildings, or Contaminate may cause inaccurate times.
  • Supply counts are checked every 10 seconds.